 Dungeon Crawl Stone Soup version 0.18-a0-455-gc7d4c65 (webtiles) character file.

0 Gorice the Magician (level 1, -3/7 HPs)
             Began as a Felid Wanderer on Dec 1, 2015.
             Slain by a hobgoblin
             ... wielding a +0 club
              (7 damage)
             ... on level 1 of the Dungeon.
             The game lasted 00:01:57 (174 turns).

Gorice the Magician (Felid Wanderer)                 Turns: 174, Time: 00:01:57

Health: -3/7       AC:  1    Str: 10    XL:     1   Next: 8%
Magic:  1/6        EV: 15    Int: 12    God:
Gold:   14         SH:  0    Dex: 14    Spells: 1 memorised, 7 levels left
                                        Lives:  0   Deaths: 0

rFire  . . .     SeeInvis +     (weapon unavailable)
rCold  . . .     Clarity  .     (armour unavailable)
rNeg   . . .     SustAt   .     (shield unavailable)
rPois  .         Gourm    .     (helmet unavailable)
rElec  .         Spirit   .     (cloak unavailable)
rCorr  .         Dsmss    .     (gloves unavailable)
rMut   .         Stasis   .     (boots unavailable)
MR     .....                    (no amulet)
Stlth  ++........               (no ring)
                                (no ring)

@: very slightly contaminated, quick, not resistant to hostile enchantments,
unstealthy
A: no armour, no weapons or thrown items, claws 1, fangs 3, see invisible,
carnivore 3, speed 1, shaggy fur 1, slow metabolism 1, sharp paws
a: no special abilities


You were on level 1 of the Dungeon.
You were not hungry.

You visited 1 branch of the dungeon, and saw 1 of its levels.

You collected 14 gold pieces.

Inventory:

Scrolls
 c - 4 scrolls of teleportation {!r}
 f - a scroll of recharging {unknown}
Potions
 e - a potion of might {unknown}
Books
 a - a book of Frost
 b - the Guide on Evil Rituals

   Spells                             Type                      Level
   a - Animate Skeleton               Necromancy                   1
   b - Sublimation of Blood           Necromancy                   2
Comestibles
 d - a meat ration {!e}


   Skills:
 + Level 4.0 Spellcasting
   Level 3.0 Translocations
 * Level 1.0 Ice Magic
   Level 1.0 Poison Magic
   Level 2.1 Evocations


You had 7 spell levels left.
You knew the following spells:

 Your Spells              Type           Power        Failure   Level  Hunger
a - Freeze                Ice            #...         14%         1    #......


Dungeon Overview and Level Annotations

Branches:
Dungeon (1/15)

Altars:


Innate Abilities, Weirdness & Mutations

You cannot wear armour.
You are incapable of wielding weapons or throwing items.
You have sharp claws.
You have razor-sharp teeth.
You have supernaturally acute eyesight.
You are carnivorous and can eat meat at any time.
You cover ground quickly.
You are covered in fur (AC +1).
You have a slow metabolism.
Your sharp claws are effective at attacking unaware monsters.


Message History

c - 4 scrolls of teleportation {!r} (gained 3)
Found a chain mail and a ring mail.
Found 7 gold pieces.
f - a scroll labeled BIAREHU RIMIA You now have 14 gold pieces (gained 7).
A hobgoblin comes into view. It is wielding a club.
You start resting.
HP restored.
The hobgoblin shouts!
Found a dagger.
Casting: Freeze
Confirm with . or Enter, or press ? or * to list all spells.
Aiming: Freeze
Press: ? - help, Shift-Dir - straight line, f - hobgoblin
Aim: a hobgoblin, wielding a club You miscast Freeze.
You are very lightly contaminated with residual magic.
Nothing appears to happen.
The hobgoblin hits you with a club.
Damage: 3 (max 3)
Casting: Freeze
Confirm with . or Enter, or press ? or * to list all spells.
Aiming: Freeze
Press: ? - help, Shift-Dir - straight line, f/p - hobgoblin
Aim: a hobgoblin, wielding a club You freeze the hobgoblin.
The hobgoblin is moderately wounded.
The hobgoblin closely misses you.
Casting: Freeze
Confirm with . or Enter, or press ? or * to list all spells.
Aiming: Freeze
Press: ? - help, Shift-Dir - straight line, f/p - hobgoblin
Aim: a hobgoblin, wielding a club (moderately wounded)
You freeze the hobgoblin.
The hobgoblin is almost dead.
The hobgoblin misses you.
Casting: Freeze
Confirm with . or Enter, or press ? or * to list all spells.
Aiming: Freeze
Press: ? - help, Shift-Dir - straight line, f/p - hobgoblin
Aim: a hobgoblin, wielding a club (almost dead)
You miscast Freeze.
Nothing appears to happen.
The hobgoblin barely misses you.
Casting: Freeze
Confirm with . or Enter, or press ? or * to list all spells.
Aiming: Freeze
Press: ? - help, Shift-Dir - straight line, f/p - hobgoblin
Aim: a hobgoblin, wielding a club (almost dead)
You miscast Freeze.
Nothing appears to happen.
The hobgoblin hits you with a club!
Ouch! That really hurt!
You die...

##### ....#
#######....## .
............
#.####..........
.......g.......
.......@.......
.####...#)...##
#...# ...# ##.##
### #. ##..#
#.###..##
#.#....#
#.#....#
#.#....#


You could see a hobgoblin.

Vanquished Creatures
  A giant newt (D:1)
1 creature vanquished.

Notes
Turn   | Place    | Note
--------------------------------------------------------------
     0 | D:1      | Gorice the Felid Wanderer began the quest for the Orb.
     0 | D:1      | Gorice set off with: a book of Frost, the Guide on Evil Rituals, a scroll of teleportation {!r}, a meat ration {!e}
     0 | D:1      | Reached XP level 1. HP: 7/7 MP: 6/6
     2 | D:1      | Identified the Guide on Evil Rituals
     4 | D:1      | Learned a level 1 spell: Freeze
   174 | D:1      | Slain by a hobgoblin

Vault maps used:
D:1:      matt_arrival_refuge, minmay_statues_item

Action                   || total
-------------------------++-------
 Cast: Freeze            ||     3
  Eat: Chunk             ||     1

Table legend:
 A = Turns spent in this place as a percentage of turns spent in the entire game.
 B = Non-inter-level travel turns spent in this place as a percentage of non-inter-level travel turns spent in the entire game.
 C = Inter-level travel turns spent in this place as a percentage of turns spent in this place.
 D = Turns resting spent in this place as a percentage of non-inter-level travel turns spent in this place.
 E = Turns spent auto-exploring this place as a percentage of non-inter-level travel turns spent in this place.
 F = Non-inter-level travel turns spent in this place divided by the number of levels of this place that you've seen.
                   A       B       C       D       E      F
               +-------+-------+-------+-------+-------+----------------------
         Total | 100.0 | 100.0 |   0.0 |   6.9 |   5.6 |  72.0
       Dungeon | 100.0 | 100.0 |   0.0 |   6.9 |   5.6 |  72.0
               +-------+-------+-------+-------+-------+----------------------

Vault maps used:
D:1:      matt_arrival_refuge, minmay_statues_item
